Avalanche vs Kings

Created - September-16-13 at 17:55

Simulating a Pre-Season

Goals
1 2 3 OT1 SO T
Avalanche 0 2 1 0 1 4
Kings 0 2 1 0 0 3
Shots
1 2 3 OT1 SO T
Avalanche 11 12 16 2 4 41
Kings 10 11 6 1 4 28

1st period

No Goal

Penalties :
Chris Stewart (COL) for Hooking (Minor) at 0:52, Justin Faulk (LOS) for Hooking (Minor) at 3:17, Justin Faulk (LOS) for Roughing (Minor) at 8:05, Michal Handzus (LOS) for Diving (Minor) at 12:44, Ryan Nugent-Hopkins (LOS) for Hooking (Minor) at 19:52

2nd period

1. Avalanche , Brayden Schenn 4 (Michael Del Zotto, Derek Stepan) at 0:20 (PP)
2. Kings , Nail Yakupov 3 (Ryan Nugent-Hopkins, Sergei Gonchar) at 5:03
3. Avalanche , Johan Franzen 1 (John Carlson, Kevin Shattenkirk) at 6:42 (PP)
4. Kings , Ryan Nugent-Hopkins 4 (Tobias Enstrom, Nail Yakupov) at 16:39

Penalties :
Matt Hendricks (LOS) for Tripping (Minor) at 0:33, Justin Faulk (LOS) for Hooking (Minor) at 2:15, Matt Hendricks (LOS) for Roughing (Double Minor) at 6:08

3rd period

5. Kings , Jeff Halpern 1 (Sergei Gonchar, Justin Faulk) at 11:01
6. Avalanche , John Carlson 2 (Johan Franzen, Chris Stewart) at 13:40 (PP)

Penalties :
Nail Yakupov (LOS) for Holding (Minor) at 0:17, Nail Yakupov (LOS) for Goalie Interference (Minor) at 3:43, Vyacheslav Voynov (LOS) for Interference (Minor) at 12:52, Vyacheslav Voynov (LOS) for Holding (Minor) at 18:03

Overtime #1

No Goal

Penalties :
Sergei Gonchar (LOS) for Fighting (Major) at 2:01, John Carlson (COL) for Fighting (Major) at 2:01, Sergei Gonchar (LOS) for instigated a fight (Game Misconduct) at 2:01

Shootout

Penalty Shot by Derek Stepan for Avalanche - Stopped by Jacob Markstrom
Penalty Shot by Nail Yakupov for Kings - Shot Misses the Net
Penalty Shot by Marian Hossa for Avalanche - Stopped by Jacob Markstrom
Penalty Shot by Ryan Nugent-Hopkins for Kings - Stopped by Evgeni Nabokov
Penalty Shot by Johan Franzen for Avalanche - Stopped by Jacob Markstrom
Penalty Shot by Mike Richards for Kings - Stopped by Evgeni Nabokov
Penalty Shot by Cody Hodgson for Avalanche - Goal!
Penalty Shot by Mikhail Grabovski for Kings - Stopped by Evgeni Nabokov

Penalties :
No Penalty

Goalie Stats

Evgeni Nabokov (COL), 25 saves from 28 shots - (0.893), W, 2-0-1, 65:00 minutes
Jacob Markstrom (LOS), 38 saves from 41 shots - (0.927), OTL, 2-2-1, 65:00 minutes

Players Stats for Avalanche

Player Name              G  A  P  +/- PIM S  H  SB GA TA FO     MP     PP MP  PK MP  
------------------------------------------------------------------------------------
Alexei Emelin            0  0  0  -1  0   0  2  0  0  0  0/0    13:09   0:00   0:00 
Brayden Schenn           1  0  1  -1  0   2  5  0  0  0  2/3    19:11   9:15   1:25 
Brian Gionta             0  0  0   0  0   1  1  0  0  0  0/0    16:21   0:00   1:59 
Chris Stewart            0  1  1  -2  2   3  2  0  0  0  0/1    22:25  10:06   0:00 
Cody Hodgson             0  0  0  -2  0   6  2  0  0  0  19/35  24:47  10:06   0:00 
Derek Stepan             0  1  1   0  0   3  4  0  0  0  19/37  24:11   9:15   0:34 
Drew Shore               0  0  0  -1  0   0  0  0  0  0  8/12    8:31   0:00   0:00 
Johan Franzen            1  1  2  -2  0   6  3  0  0  0  6/8    24:47  10:06   0:00 
John Carlson             1  1  2  -1  5   5  2  1  0  0  0/0    25:25   9:51   0:19 
Justin Abdelkader        0  0  0   0  0   1  0  0  0  0  1/2     6:06   0:00   0:00 
Kevin Porter             0  0  0   0  0   1  1  0  0  0  1/2     6:06   0:00   0:00 
Kevin Shattenkirk        0  1  1  -1  0   6  2  0  0  0  0/0    26:49   9:51   0:34 
Marcus Johansson         0  0  0   0  0   3  0  0  0  0  0/0    11:43   0:00   0:00 
Marian Hossa             0  0  0  -1  0   2  0  0  0  0  0/1    17:46   9:15   0:00 
Michael Del Zotto        0  1  1  -1  0   1  3  2  0  0  0/0    25:21   9:30   1:44 
Travis Moen              0  0  0   0  0   0  0  0  0  0  0/0     6:06   0:00   0:00 
Tyson Barrie             0  0  0  -1  0   0  0  0  0  0  0/0    14:53   0:00   0:00 
Victor Bartley           0  0  0  -1  0   1  0  1  0  0  0/0    24:22   9:30   1:21 

Players Stats for Kings

Player Name              G  A  P  +/- PIM S  H  SB GA TA FO     MP     PP MP  PK MP  
------------------------------------------------------------------------------------
Dustin Penner            0  0  0   0  0   1  2  0  0  0  1/1    13:20   1:16   0:00 
Jamie McBain             0  0  0   0  0   2  0  0  0  0  0/0    11:10   0:00   0:09 
Jarret Stoll             0  0  0   0  0   2  3  1  0  0  18/36  26:42   1:16  12:09 
Jeff Halpern             1  0  1   1  0   1  0  1  0  0  0/0    17:35   0:00  11:34 
Justin Faulk             0  1  1   1  6   0  2  1  0  0  0/0    22:12   0:00   7:30 
Kyle Palmieri            0  0  0   0  0   1  0  0  0  0  0/0     8:24   0:43   0:00 
Matt Hendricks           0  0  0   0  6   2  3  0  0  0  7/13   15:13   0:00   5:49 
Michael Frolik           0  0  0   1  0   1  0  0  0  0  1/5     8:31   0:00   3:02 
Michal Handzus           0  0  0   1  2   1  0  0  0  0  3/5     4:15   0:00   0:00 
Mike Richards            0  0  0   2  0   6  3  0  0  0  2/2    15:22   0:43   0:00 
Mikhail Grabovski        0  0  0   0  0   2  0  0  0  0  3/12    7:41   0:00   0:00 
Nail Yakupov             1  1  2   2  4   5  1  0  0  0  1/3    15:20   0:43   0:00 
Robyn Regehr             0  0  0   1  0   0  4  2  0  0  0/0    27:41   0:00  11:37 
Ryan Nugent-Hopkins      1  1  2   2  2   2  0  0  0  0  9/22   15:21   0:43   0:00 
Ryan Smyth               0  0  0   0  0   0  1  1  0  0  0/2    21:13   1:16   7:53 
Sergei Gonchar           0  2  2   2  17  0  0  4  0  0  0/0    23:07   0:43   9:59 
Tobias Enstrom           0  1  1   1  0   2  0  2  0  0  0/0    19:53   1:16   4:39 
Vyacheslav Voynov        0  0  0   1  4   0  6  2  0  0  0/0    25:08   1:16   8:51 

3 Stars

1 - Ryan Nugent-Hopkins (LOS)
2 - Johan Franzen (COL)
3 - Brayden Schenn (COL)

Power Play

Avalanche - 3 on 13 Attempt(s) - 23.08%
Kings - 0 on 1 Attempt(s) - 0.00%

Penalty Kill

Avalanche - 1 on 1 Attempt(s) - 100.00% - Score 0 goal in Penalty Kill
Kings - 10 on 13 Attempt(s) - 76.92% - Score 0 goal in Penalty Kill

Official

Referees : Kevin Pollock and Brian Pochmara
Linesman : Brad Kovachik and Mark Shewchyk

Game Notes

Sergei Gonchar beats up John Carlson at 2:01 of 1st overtime period
Sergei Gonchar ejected from game at 2:01 of 1st overtime period
Sergei Gonchar from Kings is suspended for 3 game(s)

% Time on Ice - Avalanche

Lines # - Real PCT - Wanted PCT - Time Play
Normal Forward
1 - 32% - 35% - 12:20
2 - 30% - 33% - 11:43
3 - 22% - 24% - 8:31
4 - 16% - 8% - 6:06
Normal Defense
1 - 36% - 36% - 14:03
2 - 32% - 34% - 12:23
3 - 32% - 20% - 12:14
4 - 0% - 10% - 0:00
PP Forward
1 - 52% - 52% - 10:06
2 - 48% - 48% - 9:15
PP Defense
1 - 51% - 51% - 9:51
2 - 49% - 49% - 9:30
PK Forward
1 - 29% - 53% - 0:34
2 - 71% - 47% - 1:25
PK Defense
1 - 84% - 52% - 1:40
2 - 16% - 48% - 0:19
PK3 Forward
1 - 0% - 55%
2 - 0% - 45%
PK3 Defense
1 - 0% - 53%
2 - 0% - 47%
44 Forward
1 - 53% - 49% - 2:39
2 - 47% - 51% - 2:21
44 Defense
1 - 65% - 51% - 3:16
2 - 35% - 49% - 1:44
Last Minute Offensive  - 0:00
Last Minute Defensive  - 0:00
Total
Forward - 65:00
Defense - 65:00

% Time on Ice - Kings

Lines # - Real PCT - Wanted PCT - Time Play
Normal Forward
1 - 38% - 35% - 14:39
2 - 31% - 30% - 12:04
3 - 20% - 20% - 7:41
4 - 11% - 15% - 4:16
Normal Defense
1 - 29% - 33% - 11:21
2 - 34% - 28% - 13:18
3 - 27% - 20% - 10:21
4 - 9% - 19% - 3:40
PP Forward
1 - 36% - 55% - 0:43
2 - 64% - 45% - 1:16
PP Defense
1 - 36% - 55% - 0:43
2 - 64% - 45% - 1:16
PK Forward
1 - 59% - 55% - 11:11
2 - 41% - 45% - 7:53
PK Defense
1 - 51% - 55% - 9:49
2 - 49% - 45% - 9:15
PK3 Forward
1 - 63% - 55% - 1:27
2 - 37% - 45% - 0:52
PK3 Defense
1 - 26% - 55% - 0:36
2 - 74% - 45% - 1:43
44 Forward
1 - 41% - 50% - 1:13
2 - 59% - 50% - 1:45
44 Defense
1 - 41% - 50% - 1:13
2 - 59% - 50% - 1:45
Last Minute Offensive  - 0:00
Last Minute Defensive  - 0:00
Total
Forward - 65:00
Defense - 65:00

Play by Play

1st period


0:01 of 1st period - Cody Hodgson wins face-off versus Nail Yakupov in neutral zone.
0:52 of 1st period - Minor Penalty to Chris Stewart for Hooking.
0:53 of 1st period - Dustin Penner wins face-off versus Derek Stepan in Avalanche zone.
0:54 of 1st period - Shot by Tobias Enstrom.
0:54 of 1st period - Stopped by Evgeni Nabokov without a rebound.
0:55 of 1st period - Jarret Stoll wins face-off versus Derek Stepan in Avalanche zone.
1:00 of 1st period - Shot by Tobias Enstrom.
1:00 of 1st period - Shot Misses the Net.
1:20 of 1st period - Shot by Dustin Penner.
1:20 of 1st period - Shot Misses the Net.
1:22 of 1st period - Shot by Vyacheslav Voynov.
1:22 of 1st period - Shot Misses the Net.
1:26 of 1st period - Shot by Jarret Stoll.
1:26 of 1st period - Stopped by Evgeni Nabokov without a rebound.
1:27 of 1st period - Brayden Schenn wins face-off versus Ryan Nugent-Hopkins in Avalanche zone.
1:39 of 1st period - Shot by Mike Richards.
1:39 of 1st period - Shot Blocked by John Carlson.
2:03 of 1st period - Shot by Mike Richards.
2:03 of 1st period - Shot Misses the Net.
2:33 of 1st period - Shot by Vyacheslav Voynov.
2:33 of 1st period - Shot Blocked by Michael Del Zotto.
2:35 of 1st period - Shot by Tobias Enstrom.
2:35 of 1st period - Shot Hit the Post.
2:50 of 1st period - Ryan Smyth is hit by Michael Del Zotto.
3:17 of 1st period - Minor Penalty to Justin Faulk for Hooking.
3:18 of 1st period - Cody Hodgson wins face-off versus Jarret Stoll in Kings zone.
4:35 of 1st period - Shot by Derek Stepan.
4:35 of 1st period - Stopped by Jacob Markstrom without a rebound.
4:36 of 1st period - Matt Hendricks wins face-off versus Cody Hodgson in Kings zone.
5:04 of 1st period - Off-side.
5:05 of 1st period - Brayden Schenn wins face-off versus Matt Hendricks in neutral zone.
5:49 of 1st period - Ryan Nugent-Hopkins is hit by Alexei Emelin.
5:55 of 1st period - Shot by Mike Richards.
5:55 of 1st period - Stopped by Evgeni Nabokov with a rebound.
5:57 of 1st period - Shot by Nail Yakupov.
5:57 of 1st period - Stopped by Evgeni Nabokov without a rebound.
5:58 of 1st period - Mikhail Grabovski wins face-off versus Derek Stepan in Avalanche zone.
6:42 of 1st period - Vyacheslav Voynov is hit by Kevin Shattenkirk and loses puck.
6:59 of 1st period - Shot by Johan Franzen.
6:59 of 1st period - Stopped by Jacob Markstrom without a rebound.
7:00 of 1st period - Jarret Stoll wins face-off versus Drew Shore in Kings zone.
7:00 of 1st period - Jarret Stoll is hit by Brayden Schenn.
7:29 of 1st period - Icing by Marian Hossa.
7:30 of 1st period - Ryan Nugent-Hopkins wins face-off versus Drew Shore in Avalanche zone.
7:31 of 1st period - Shot by Nail Yakupov.
7:31 of 1st period - Deflect By Mike Richards.
7:31 of 1st period - Stopped by Evgeni Nabokov without a rebound.
7:32 of 1st period - Ryan Nugent-Hopkins wins face-off versus Cody Hodgson in Avalanche zone.
7:41 of 1st period - Shot by Mike Richards.
7:41 of 1st period - Stopped by Evgeni Nabokov without a rebound.
7:42 of 1st period - Jarret Stoll wins face-off versus Derek Stepan in Avalanche zone.
7:57 of 1st period - Shot by Marcus Johansson.
7:57 of 1st period - Shot Blocked by Robyn Regehr.
7:59 of 1st period - Shot by Derek Stepan.
7:59 of 1st period - Shot Blocked by Justin Faulk.
8:01 of 1st period - Shot by Marcus Johansson.
8:01 of 1st period - Stopped by Jacob Markstrom with a rebound.
8:05 of 1st period - Minor Penalty to Justin Faulk for Roughing.
8:06 of 1st period - Cody Hodgson wins face-off versus Jarret Stoll in Kings zone.
8:06 of 1st period - Chris Stewart is hit by Vyacheslav Voynov and loses puck.
8:44 of 1st period - Shot by Johan Franzen.
8:44 of 1st period - Stopped by Jacob Markstrom without a rebound.
8:45 of 1st period - Matt Hendricks wins face-off versus Derek Stepan in Kings zone.
8:45 of 1st period - Matt Hendricks is hit by Brayden Schenn.
9:03 of 1st period - Jarret Stoll is hit by Brayden Schenn and loses puck.
9:44 of 1st period - Shot by Kevin Shattenkirk.
9:44 of 1st period - Stopped by Jacob Markstrom without a rebound.
9:45 of 1st period - Matt Hendricks wins face-off versus Cody Hodgson in Kings zone.
9:45 of 1st period - Matt Hendricks is hit by Johan Franzen.
11:25 of 1st period - Off-side.
11:26 of 1st period - Cody Hodgson wins face-off versus Ryan Smyth in neutral zone.
12:25 of 1st period - Off-side.
12:26 of 1st period - Drew Shore wins face-off versus Michal Handzus in neutral zone.
12:31 of 1st period - Robyn Regehr is hit by Brayden Schenn and loses puck.
12:44 of 1st period - Minor Penalty to Michal Handzus for Diving.
12:45 of 1st period - Jarret Stoll wins face-off versus Derek Stepan in Kings zone.
12:45 of 1st period - Jarret Stoll is hit by Derek Stepan.
13:15 of 1st period - Shot by John Carlson.
13:15 of 1st period - Stopped by Jacob Markstrom without a rebound.
13:16 of 1st period - Jarret Stoll wins face-off versus Cody Hodgson in Kings zone.
13:26 of 1st period - Icing by Johan Franzen.
13:27 of 1st period - Johan Franzen wins face-off versus Jarret Stoll in Avalanche zone.
13:38 of 1st period - Shot by Victor Bartley.
13:38 of 1st period - Stopped by Jacob Markstrom with a rebound.
13:44 of 1st period - Victor Bartley is hit by Jarret Stoll and loses puck.
13:53 of 1st period - Shot by Michael Del Zotto.
13:53 of 1st period - Shot Blocked by Vyacheslav Voynov.
14:46 of 1st period - Icing by Kevin Shattenkirk.
14:47 of 1st period - Justin Abdelkader wins face-off versus Ryan Nugent-Hopkins in Avalanche zone.
14:55 of 1st period - Off-side.
14:56 of 1st period - Derek Stepan wins face-off versus Ryan Nugent-Hopkins in neutral zone.
14:58 of 1st period - Tyson Barrie is hit by Vyacheslav Voynov and loses puck.
15:21 of 1st period - Shot by Marcus Johansson.
15:21 of 1st period - Stopped by Jacob Markstrom without a rebound.
15:22 of 1st period - Cody Hodgson wins face-off versus Mikhail Grabovski in Kings zone.
15:27 of 1st period - Shot by Cody Hodgson.
15:27 of 1st period - Shot Misses the Net.
15:45 of 1st period - Shot by Chris Stewart.
15:45 of 1st period - Shot Blocked by Sergei Gonchar.
15:47 of 1st period - Shot by Michael Del Zotto.
15:47 of 1st period - Stopped by Jacob Markstrom without a rebound.
15:48 of 1st period - Jarret Stoll wins face-off versus Derek Stepan in Kings zone.
16:03 of 1st period - Shot by Tobias Enstrom.
16:03 of 1st period - Stopped by Evgeni Nabokov with a rebound.
16:38 of 1st period - Icing by Kevin Shattenkirk.
16:39 of 1st period - Derek Stepan wins face-off versus Ryan Nugent-Hopkins in Avalanche zone.
16:43 of 1st period - Icing by Derek Stepan.
16:44 of 1st period - Ryan Nugent-Hopkins wins face-off versus Derek Stepan in Avalanche zone.
17:23 of 1st period - Shot by Nail Yakupov.
17:23 of 1st period - Stopped by Evgeni Nabokov without a rebound.
17:24 of 1st period - Cody Hodgson wins face-off versus Jarret Stoll in Avalanche zone.
17:35 of 1st period - Shot by Chris Stewart.
17:35 of 1st period - Stopped by Jacob Markstrom without a rebound.
17:36 of 1st period - Michal Handzus wins face-off versus Drew Shore in Kings zone.
18:02 of 1st period - Shot by Michael Frolik.
18:02 of 1st period - Stopped by Evgeni Nabokov with a rebound.
18:04 of 1st period - Shot by Michal Handzus.
18:04 of 1st period - Stopped by Evgeni Nabokov without a rebound.
18:05 of 1st period - Cody Hodgson wins face-off versus Jarret Stoll in Avalanche zone.
18:12 of 1st period - Shot by Alexei Emelin.
18:12 of 1st period - Shot Blocked by Sergei Gonchar.
18:22 of 1st period - Icing by Johan Franzen.
18:23 of 1st period - Mike Richards wins face-off versus Cody Hodgson in Avalanche zone.
18:31 of 1st period - Off-side.
18:32 of 1st period - Drew Shore wins face-off versus Jarret Stoll in neutral zone.
19:01 of 1st period - Shot by Jarret Stoll.
19:01 of 1st period - Shot Misses the Net.
19:07 of 1st period - Shot by Dustin Penner.
19:07 of 1st period - Shot Blocked by Victor Bartley.
19:09 of 1st period - Shot by Ryan Smyth.
19:09 of 1st period - Shot Blocked by Michael Del Zotto.
19:26 of 1st period - Nail Yakupov is hit by Michael Del Zotto and loses puck.
19:34 of 1st period - Off-side.
19:35 of 1st period - Cody Hodgson wins face-off versus Mikhail Grabovski in neutral zone.
19:42 of 1st period - Shot by Chris Stewart.
19:42 of 1st period - Stopped by Jacob Markstrom without a rebound.
19:43 of 1st period - Cody Hodgson wins face-off versus Ryan Nugent-Hopkins in Kings zone.
19:43 of 1st period - Cody Hodgson is hit by Vyacheslav Voynov.
19:48 of 1st period - Cody Hodgson is hit by Vyacheslav Voynov and loses puck.
19:52 of 1st period - Minor Penalty to Ryan Nugent-Hopkins for Hooking.
19:53 of 1st period - Jarret Stoll wins face-off versus Cody Hodgson in Kings zone.

2nd period


0:01 of 2nd period - Jarret Stoll wins face-off versus Derek Stepan in neutral zone.
0:20 of 2nd period - Shot by Brayden Schenn.
0:20 of 2nd period - Goal by Brayden Schenn - Avalanche : 1 - Kings : 0.
0:21 of 2nd period - Mikhail Grabovski wins face-off versus Cody Hodgson in neutral zone.
0:21 of 2nd period - Matt Hendricks is hit by Cody Hodgson and loses puck.
0:33 of 2nd period - Minor Penalty to Matt Hendricks for Tripping.
0:34 of 2nd period - Jarret Stoll wins face-off versus Derek Stepan in Kings zone.
0:34 of 2nd period - Jarret Stoll is hit by Brayden Schenn.
2:15 of 2nd period - Minor Penalty to Justin Faulk for Hooking.
2:16 of 2nd period - Johan Franzen wins face-off versus Michael Frolik in Kings zone.
2:17 of 2nd period - Shot by Kevin Shattenkirk.
2:17 of 2nd period - Stopped by Jacob Markstrom without a rebound.
2:18 of 2nd period - Cody Hodgson wins face-off versus Michael Frolik in Kings zone.
2:21 of 2nd period - Shot by Johan Franzen.
2:21 of 2nd period - Shot Misses the Net.
2:32 of 2nd period - Shot by Cody Hodgson.
2:32 of 2nd period - Stopped by Jacob Markstrom with a rebound.
2:34 of 2nd period - Shot by Kevin Shattenkirk.
2:34 of 2nd period - Deflect By Cody Hodgson.
2:34 of 2nd period - Stopped by Jacob Markstrom without a rebound.
2:35 of 2nd period - Matt Hendricks wins face-off versus Cody Hodgson in Kings zone.
2:44 of 2nd period - Shot by Cody Hodgson.
2:44 of 2nd period - Stopped by Jacob Markstrom with a rebound.
3:37 of 2nd period - Michael Del Zotto is hit by Vyacheslav Voynov and loses puck.
4:05 of 2nd period - Shot by Kevin Shattenkirk.
4:05 of 2nd period - Shot Misses the Net.
4:07 of 2nd period - Shot by Kevin Shattenkirk.
4:07 of 2nd period - Stopped by Jacob Markstrom without a rebound.
4:08 of 2nd period - Derek Stepan wins face-off versus Jarret Stoll in Kings zone.
4:21 of 2nd period - Alexei Emelin is hit by Mike Richards.
4:29 of 2nd period - Shot by Mike Richards.
4:29 of 2nd period - Stopped by Evgeni Nabokov without a rebound.
4:30 of 2nd period - Derek Stepan wins face-off versus Mikhail Grabovski in Avalanche zone.
4:30 of 2nd period - Derek Stepan is hit by Matt Hendricks.
4:46 of 2nd period - Shot by Kyle Palmieri.
4:46 of 2nd period - Stopped by Evgeni Nabokov with a rebound.
4:48 of 2nd period - Shot by Mikhail Grabovski.
4:48 of 2nd period - Shot Misses the Net.
4:50 of 2nd period - Shot by Matt Hendricks.
4:50 of 2nd period - Stopped by Evgeni Nabokov without a rebound.
4:51 of 2nd period - Kevin Porter wins face-off versus Ryan Nugent-Hopkins in Avalanche zone.
4:55 of 2nd period - Off-side.
4:56 of 2nd period - Ryan Nugent-Hopkins wins face-off versus Cody Hodgson in neutral zone.
5:03 of 2nd period - Shot by Nail Yakupov.
5:03 of 2nd period - Goal by Nail Yakupov - Avalanche : 1 - Kings : 1.
5:04 of 2nd period - Jarret Stoll wins face-off versus Chris Stewart in neutral zone.
5:06 of 2nd period - Sergei Gonchar is hit by Johan Franzen and loses puck.
5:18 of 2nd period - Ryan Smyth is hit by John Carlson and loses puck.
5:41 of 2nd period - Shot by Dustin Penner.
5:41 of 2nd period - Stopped by Evgeni Nabokov without a rebound.
5:42 of 2nd period - Derek Stepan wins face-off versus Ryan Nugent-Hopkins in Avalanche zone.
5:42 of 2nd period - Derek Stepan is hit by Mike Richards.
6:04 of 2nd period - Shot by Mike Richards.
6:04 of 2nd period - Stopped by Evgeni Nabokov without a rebound.
6:05 of 2nd period - Drew Shore wins face-off versus Mikhail Grabovski in Avalanche zone.
6:05 of 2nd period - Drew Shore is hit by Matt Hendricks.
6:08 of 2nd period - Double Minor Penalty to Matt Hendricks for Roughing.
6:09 of 2nd period - Cody Hodgson wins face-off versus Jarret Stoll in Kings zone.
6:28 of 2nd period - Shot by Cody Hodgson.
6:28 of 2nd period - Shot Misses the Net.
6:30 of 2nd period - Shot by John Carlson.
6:30 of 2nd period - Stopped by Jacob Markstrom with a rebound.
6:32 of 2nd period - Shot by Cody Hodgson.
6:32 of 2nd period - Shot Blocked by Jarret Stoll.
6:42 of 2nd period - Shot by John Carlson.
6:42 of 2nd period - Deflect By Johan Franzen.
6:42 of 2nd period - Goal by Johan Franzen - Avalanche : 2 - Kings : 1.
6:43 of 2nd period - Derek Stepan wins face-off versus Michael Frolik in neutral zone.
7:51 of 2nd period - Vyacheslav Voynov is hit by Cody Hodgson and loses puck.
9:00 of 2nd period - Shot by Justin Abdelkader.
9:00 of 2nd period - Stopped by Jacob Markstrom with a rebound.
9:50 of 2nd period - Icing by Vyacheslav Voynov.
9:51 of 2nd period - Drew Shore wins face-off versus Mikhail Grabovski in Kings zone.
10:10 of 2nd period - Shot by Drew Shore.
10:10 of 2nd period - Shot Blocked by Tobias Enstrom.
11:11 of 2nd period - Shot by Ryan Smyth.
11:11 of 2nd period - Shot Misses the Net.
11:15 of 2nd period - Shot by Jarret Stoll.
11:15 of 2nd period - Stopped by Evgeni Nabokov with a rebound.
11:49 of 2nd period - Mike Richards is hit by Alexei Emelin.
11:53 of 2nd period - Shot by Nail Yakupov.
11:53 of 2nd period - Stopped by Evgeni Nabokov with a rebound.
11:55 of 2nd period - Shot by Ryan Nugent-Hopkins.
11:55 of 2nd period - Shot Misses the Net.
11:59 of 2nd period - Shot by Nail Yakupov.
11:59 of 2nd period - Stopped by Evgeni Nabokov without a rebound.
12:00 of 2nd period - Michal Handzus wins face-off versus Marian Hossa in Avalanche zone.
13:22 of 2nd period - Icing by Tobias Enstrom.
13:23 of 2nd period - Derek Stepan wins face-off versus Ryan Nugent-Hopkins in Kings zone.
13:30 of 2nd period - Icing by Ryan Nugent-Hopkins.
13:31 of 2nd period - Derek Stepan wins face-off versus Ryan Nugent-Hopkins in Kings zone.
13:34 of 2nd period - Shot by Brian Gionta.
13:34 of 2nd period - Shot Misses the Net.
13:54 of 2nd period - Derek Stepan is hit by Robyn Regehr and loses puck.
14:21 of 2nd period - Shot by Dustin Penner.
14:21 of 2nd period - Shot Hit the Post.
14:32 of 2nd period - Derek Stepan is hit by Robyn Regehr and loses puck.
14:56 of 2nd period - Tyson Barrie is hit by Justin Faulk.
15:09 of 2nd period - Icing by Justin Faulk.
15:10 of 2nd period - Cody Hodgson wins face-off versus Michal Handzus in Kings zone.
15:33 of 2nd period - Shot by Kevin Shattenkirk.
15:33 of 2nd period - Stopped by Jacob Markstrom without a rebound.
15:34 of 2nd period - Drew Shore wins face-off versus Nail Yakupov in Kings zone.
15:54 of 2nd period - Icing by Michael Del Zotto.
15:55 of 2nd period - Drew Shore wins face-off versus Mikhail Grabovski in Avalanche zone.
16:12 of 2nd period - Robyn Regehr is hit by Michael Del Zotto and loses puck.
16:23 of 2nd period - Shot by Marian Hossa.
16:23 of 2nd period - Stopped by Jacob Markstrom without a rebound.
16:24 of 2nd period - Cody Hodgson wins face-off versus Ryan Nugent-Hopkins in Kings zone.
16:24 of 2nd period - John Carlson is hit by Vyacheslav Voynov and loses puck.
16:37 of 2nd period - Shot by Ryan Nugent-Hopkins.
16:37 of 2nd period - Shot Misses the Net.
16:39 of 2nd period - Shot by Ryan Nugent-Hopkins.
16:39 of 2nd period - Goal by Ryan Nugent-Hopkins - Avalanche : 2 - Kings : 2.
16:40 of 2nd period - Jarret Stoll wins face-off versus Justin Abdelkader in neutral zone.
16:40 of 2nd period - Justin Faulk is hit by Kevin Porter and loses puck.
16:57 of 2nd period - Kevin Shattenkirk is hit by Justin Faulk and loses puck.
17:48 of 2nd period - Shot by Cody Hodgson.
17:48 of 2nd period - Shot Misses the Net.
17:51 of 2nd period - Icing by Ryan Nugent-Hopkins.
17:52 of 2nd period - Derek Stepan wins face-off versus Ryan Nugent-Hopkins in Kings zone.
18:19 of 2nd period - Shot by Ryan Nugent-Hopkins.
18:19 of 2nd period - Stopped by Evgeni Nabokov without a rebound.
18:20 of 2nd period - Johan Franzen wins face-off versus Mikhail Grabovski in Avalanche zone.
18:20 of 2nd period - Johan Franzen is hit by Matt Hendricks.
19:14 of 2nd period - Johan Franzen is hit by Dustin Penner.
19:25 of 2nd period - Justin Faulk is hit by Derek Stepan and loses puck.
19:38 of 2nd period - Shot by Derek Stepan.
19:38 of 2nd period - Deflect By Marcus Johansson.
19:38 of 2nd period - Stopped by Jacob Markstrom without a rebound.
19:39 of 2nd period - Ryan Nugent-Hopkins wins face-off versus Drew Shore in Kings zone.
19:48 of 2nd period - Shot by Marian Hossa.
19:48 of 2nd period - Shot Blocked by Sergei Gonchar.
19:50 of 2nd period - Shot by Marian Hossa.
19:50 of 2nd period - Shot Misses the Net.

3rd period


0:01 of 3rd period - Nail Yakupov wins face-off versus Cody Hodgson in neutral zone.
0:04 of 3rd period - Johan Franzen is hit by Nail Yakupov and loses puck.
0:17 of 3rd period - Minor Penalty to Nail Yakupov for Holding.
0:18 of 3rd period - Derek Stepan wins face-off versus Jarret Stoll in Kings zone.
1:12 of 3rd period - Robyn Regehr is hit by Chris Stewart and loses puck.
1:27 of 3rd period - Shot by Kevin Shattenkirk.
1:27 of 3rd period - Shot Blocked by Ryan Smyth.
1:37 of 3rd period - Shot by John Carlson.
1:37 of 3rd period - Shot Misses the Net.
1:39 of 3rd period - Shot by Kevin Shattenkirk.
1:39 of 3rd period - Stopped by Jacob Markstrom without a rebound.
1:40 of 3rd period - Jarret Stoll wins face-off versus Cody Hodgson in Kings zone.
1:59 of 3rd period - Shot by John Carlson.
1:59 of 3rd period - Shot Blocked by Sergei Gonchar.
2:01 of 3rd period - Shot by Chris Stewart.
2:01 of 3rd period - Deflect By Cody Hodgson.
2:01 of 3rd period - Stopped by Jacob Markstrom without a rebound.
2:02 of 3rd period - Derek Stepan wins face-off versus Matt Hendricks in Kings zone.
2:03 of 3rd period - Shot by Marian Hossa.
2:03 of 3rd period - Shot Blocked by Vyacheslav Voynov.
2:05 of 3rd period - Shot by Brayden Schenn.
2:05 of 3rd period - Stopped by Jacob Markstrom without a rebound.
2:06 of 3rd period - Matt Hendricks wins face-off versus Derek Stepan in Kings zone.
2:23 of 3rd period - Shot by Derek Stepan.
2:23 of 3rd period - Deflect By Kevin Porter.
2:23 of 3rd period - Stopped by Jacob Markstrom without a rebound.
2:24 of 3rd period - Ryan Nugent-Hopkins wins face-off versus Derek Stepan in Kings zone.
2:24 of 3rd period - Nail Yakupov is hit by Derek Stepan and loses puck.
2:41 of 3rd period - Shot by Derek Stepan.
2:41 of 3rd period - Stopped by Jacob Markstrom with a rebound.
2:43 of 3rd period - Shot by Derek Stepan.
2:43 of 3rd period - Shot Misses the Net.
2:45 of 3rd period - Shot by Brian Gionta.
2:45 of 3rd period - Stopped by Jacob Markstrom without a rebound.
2:46 of 3rd period - Cody Hodgson wins face-off versus Jarret Stoll in Kings zone.
2:56 of 3rd period - Sergei Gonchar is hit by Kevin Shattenkirk and loses puck.
3:14 of 3rd period - Jarret Stoll is hit by John Carlson.
3:39 of 3rd period - Off-side.
3:40 of 3rd period - Ryan Nugent-Hopkins wins face-off versus Derek Stepan in neutral zone.
3:43 of 3rd period - Minor Penalty to Nail Yakupov for Goalie Interference.
3:44 of 3rd period - Derek Stepan wins face-off versus Jarret Stoll in Kings zone.
4:07 of 3rd period - Shot by Derek Stepan.
4:07 of 3rd period - Shot Misses the Net.
4:09 of 3rd period - Shot by Marian Hossa.
4:09 of 3rd period - Shot Blocked by Jeff Halpern.
4:47 of 3rd period - Off-side.
4:48 of 3rd period - Cody Hodgson wins face-off versus Matt Hendricks in neutral zone.
5:13 of 3rd period - Shot by John Carlson.
5:13 of 3rd period - Stopped by Jacob Markstrom with a rebound.
5:17 of 3rd period - Shot by Kevin Shattenkirk.
5:17 of 3rd period - Shot Misses the Net.
6:14 of 3rd period - Icing by Mike Richards.
6:15 of 3rd period - Derek Stepan wins face-off versus Ryan Nugent-Hopkins in Kings zone.
6:20 of 3rd period - Shot by Marcus Johansson.
6:20 of 3rd period - Shot Misses the Net.
6:24 of 3rd period - Shot by Derek Stepan.
6:24 of 3rd period - Shot Blocked by Tobias Enstrom.
7:48 of 3rd period - Justin Faulk is hit by Johan Franzen and loses puck.
9:22 of 3rd period - Brayden Schenn is hit by Robyn Regehr and loses puck.
11:01 of 3rd period - Shot by Sergei Gonchar.
11:01 of 3rd period - Deflect By Jeff Halpern.
11:01 of 3rd period - Goal by Jeff Halpern - Avalanche : 2 - Kings : 3.
11:02 of 3rd period - Michal Handzus wins face-off versus Cody Hodgson in neutral zone.
11:29 of 3rd period - Shot by Johan Franzen.
11:29 of 3rd period - Stopped by Jacob Markstrom with a rebound.
11:31 of 3rd period - Shot by John Carlson.
11:31 of 3rd period - Stopped by Jacob Markstrom without a rebound.
11:32 of 3rd period - Ryan Nugent-Hopkins wins face-off versus Derek Stepan in Kings zone.
11:32 of 3rd period - Ryan Nugent-Hopkins is hit by Derek Stepan.
11:42 of 3rd period - Shot by Jamie McBain.
11:42 of 3rd period - Stopped by Evgeni Nabokov without a rebound.
11:43 of 3rd period - Derek Stepan wins face-off versus Jarret Stoll in Avalanche zone.
11:52 of 3rd period - Shot by Marcus Johansson.
11:52 of 3rd period - Shot Misses the Net.
11:59 of 3rd period - Shot by Derek Stepan.
11:59 of 3rd period - Stopped by Jacob Markstrom without a rebound.
12:00 of 3rd period - Mike Richards wins face-off versus Cody Hodgson in Kings zone.
12:33 of 3rd period - Shot by Mike Richards.
12:33 of 3rd period - Stopped by Evgeni Nabokov with a rebound.
12:52 of 3rd period - Minor Penalty to Vyacheslav Voynov for Interference.
12:53 of 3rd period - Jarret Stoll wins face-off versus Brayden Schenn in Kings zone.
13:19 of 3rd period - Marian Hossa is hit by Robyn Regehr and loses puck.
13:40 of 3rd period - Shot by John Carlson.
13:40 of 3rd period - Goal by John Carlson - Avalanche : 3 - Kings : 3.
13:41 of 3rd period - Mikhail Grabovski wins face-off versus Kevin Porter in neutral zone.
14:14 of 3rd period - Shot by Kyle Palmieri.
14:14 of 3rd period - Shot Misses the Net.
14:16 of 3rd period - Shot by Kyle Palmieri.
14:16 of 3rd period - Shot Misses the Net.
14:18 of 3rd period - Shot by Jamie McBain.
14:18 of 3rd period - Stopped by Evgeni Nabokov without a rebound.
14:19 of 3rd period - Cody Hodgson wins face-off versus Ryan Nugent-Hopkins in Avalanche zone.
14:19 of 3rd period - Kevin Shattenkirk is hit by Mike Richards and loses puck.
14:35 of 3rd period - Off-side.
14:36 of 3rd period - Derek Stepan wins face-off versus Jarret Stoll in neutral zone.
14:46 of 3rd period - Michael Del Zotto is hit by Ryan Smyth and loses puck.
15:47 of 3rd period - Shot by Johan Franzen.
15:47 of 3rd period - Stopped by Jacob Markstrom without a rebound.
15:48 of 3rd period - Drew Shore wins face-off versus Matt Hendricks in Kings zone.
15:49 of 3rd period - Shot by Marian Hossa.
15:49 of 3rd period - Shot Misses the Net.
16:09 of 3rd period - Shot by Mikhail Grabovski.
16:09 of 3rd period - Stopped by Evgeni Nabokov without a rebound.
16:10 of 3rd period - Ryan Nugent-Hopkins wins face-off versus Cody Hodgson in Avalanche zone.
16:21 of 3rd period - Ryan Nugent-Hopkins is hit by Chris Stewart and loses puck.
16:41 of 3rd period - Icing by Kevin Shattenkirk.
16:42 of 3rd period - Cody Hodgson wins face-off versus Mikhail Grabovski in Avalanche zone.
16:56 of 3rd period - Icing by Justin Faulk.
16:57 of 3rd period - Derek Stepan wins face-off versus Mikhail Grabovski in Kings zone.
17:26 of 3rd period - Shot by Mikhail Grabovski.
17:26 of 3rd period - Stopped by Evgeni Nabokov without a rebound.
17:27 of 3rd period - Drew Shore wins face-off versus Ryan Smyth in Avalanche zone.
17:27 of 3rd period - Kevin Shattenkirk is hit by Jarret Stoll.
17:51 of 3rd period - John Carlson is hit by Dustin Penner and loses puck.
18:03 of 3rd period - Minor Penalty to Vyacheslav Voynov for Holding.
18:04 of 3rd period - Jarret Stoll wins face-off versus Cody Hodgson in Kings zone.
18:14 of 3rd period - Off-side.
18:15 of 3rd period - Cody Hodgson wins face-off versus Jarret Stoll in neutral zone.
18:40 of 3rd period - Shot by Cody Hodgson.
18:40 of 3rd period - Stopped by Jacob Markstrom without a rebound.
18:41 of 3rd period - Derek Stepan wins face-off versus Matt Hendricks in Kings zone.
18:44 of 3rd period - Shot by Marian Hossa.
18:44 of 3rd period - Stopped by Jacob Markstrom without a rebound.
18:45 of 3rd period - Derek Stepan wins face-off versus Matt Hendricks in Kings zone.
18:46 of 3rd period - Shot by Kevin Shattenkirk.
18:46 of 3rd period - Shot Misses the Net.
19:02 of 3rd period - Shot by Derek Stepan.
19:02 of 3rd period - Shot Misses the Net.
19:04 of 3rd period - Shot by Marian Hossa.
19:04 of 3rd period - Shot Blocked by Robyn Regehr.
19:14 of 3rd period - Shot by Kevin Shattenkirk.
19:14 of 3rd period - Shot Misses the Net.
19:16 of 3rd period - Shot by Kevin Shattenkirk.
19:16 of 3rd period - Stopped by Jacob Markstrom without a rebound.
19:17 of 3rd period - Jarret Stoll wins face-off versus Cody Hodgson in Kings zone.
19:27 of 3rd period - Icing by Victor Bartley.
19:28 of 3rd period - Cody Hodgson wins face-off versus Jarret Stoll in Avalanche zone.
19:28 of 3rd period - Cody Hodgson is hit by Jarret Stoll.
19:46 of 3rd period - Shot by Chris Stewart.
19:46 of 3rd period - Stopped by Jacob Markstrom without a rebound.
19:47 of 3rd period - Jarret Stoll wins face-off versus Derek Stepan in Kings zone.

Overtime #1


0:01 of 1st overtime period - Johan Franzen wins face-off versus Michael Frolik in neutral zone.
0:34 of 1st overtime period - Shot by Cody Hodgson.
0:34 of 1st overtime period - Shot Misses the Net.
0:36 of 1st overtime period - Shot by Johan Franzen.
0:36 of 1st overtime period - Stopped by Jacob Markstrom without a rebound.
0:37 of 1st overtime period - Jarret Stoll wins face-off versus Derek Stepan in Kings zone.
1:30 of 1st overtime period - Off-side.
1:31 of 1st overtime period - Matt Hendricks wins face-off versus Johan Franzen in neutral zone.
1:46 of 1st overtime period - Shot by Cody Hodgson.
1:46 of 1st overtime period - Stopped by Jacob Markstrom with a rebound.
2:01 of 1st overtime period - Sergei Gonchar beats up John Carlson.
2:01 of 1st overtime period - Penalty to Sergei Gonchar for Fighting.
2:01 of 1st overtime period - Penalty to John Carlson for Fighting.
2:01 of 1st overtime period - Penalty to Sergei Gonchar for instigated a fight.
2:01 of 1st overtime period - Sergei Gonchar is ejected from game.
2:02 of 1st overtime period - Michael Frolik wins face-off versus Derek Stepan in Kings zone.
2:30 of 1st overtime period - Icing by Michael Del Zotto.
2:31 of 1st overtime period - Derek Stepan wins face-off versus Jarret Stoll in Avalanche zone.
3:57 of 1st overtime period - Vyacheslav Voynov is hit by Brian Gionta and loses puck.
4:05 of 1st overtime period - Icing by Brian Gionta.
4:06 of 1st overtime period - Matt Hendricks wins face-off versus Derek Stepan in Avalanche zone.
4:40 of 1st overtime period - Shot by Matt Hendricks.
4:40 of 1st overtime period - Stopped by Evgeni Nabokov without a rebound.
4:41 of 1st overtime period - Johan Franzen wins face-off versus Jarret Stoll in Avalanche zone.
4:43 of 1st overtime period - Icing by Kevin Shattenkirk.
4:44 of 1st overtime period - Jarret Stoll wins face-off versus Johan Franzen in Avalanche zone.
4:48 of 1st overtime period - Icing by Kevin Shattenkirk.
4:49 of 1st overtime period - Johan Franzen wins face-off versus Jarret Stoll in Avalanche zone.
4:58 of 1st overtime period - Shot by Cody Hodgson.
4:58 of 1st overtime period - Shot Misses the Net.

ShootOut


5:00 of 1st overtime period - Penalty Shot by Derek Stepan for Avalanche.
5:00 of 1st overtime period - Stopped by Jacob Markstrom.
5:00 of 1st overtime period - Penalty Shot by Nail Yakupov for Kings.
5:00 of 1st overtime period - Shot Misses the Net.
5:00 of 1st overtime period - Penalty Shot by Marian Hossa for Avalanche.
5:00 of 1st overtime period - Stopped by Jacob Markstrom.
5:00 of 1st overtime period - Penalty Shot by Ryan Nugent-Hopkins for Kings.
5:00 of 1st overtime period - Stopped by Evgeni Nabokov.
5:00 of 1st overtime period - Penalty Shot by Johan Franzen for Avalanche.
5:00 of 1st overtime period - Stopped by Jacob Markstrom.
5:00 of 1st overtime period - Penalty Shot by Mike Richards for Kings.
5:00 of 1st overtime period - Stopped by Evgeni Nabokov.
5:00 of 1st overtime period - Penalty Shot by Cody Hodgson for Avalanche.
5:00 of 1st overtime period - Goal by Cody Hodgson.
5:00 of 1st overtime period - Penalty Shot by Mikhail Grabovski for Kings.
5:00 of 1st overtime period - Stopped by Evgeni Nabokov.


Output by the SimonT Hockey Simulator (STHS) for Stephane Roy -- Original Page W3C XHTML 1.0 Valid
Hockey Simulator - Hockey Simulation - Hockey Manager